 Dungeon Crawl Stone Soup version 0.21-a0-518-g43a1781948 (webtiles) character file.

277 Kaname the Conjurer (level 6, 41/41 HPs)
             Began as a Demonspawn Wizard on Dec 4, 2017.
             Quit the game on level 4 of the Dungeon.
             The game lasted 00:06:38 (3336 turns).

Kaname the Conjurer (Demonspawn Wizard)             Turns: 3336, Time: 00:06:39

Health: 41/41      AC:  3    Str:  7    XL:     6   Next: 4%
Magic:  4/10       EV: 12    Int: 21    God:
Gold:   126        SH:  0    Dex: 12    Spells: 2/11 levels left

rFire    + . .     SeeInvis .   y - +1 falchion (slice)
rCold    . . .     Gourm    .   (no shield)
rNeg     + . .     Faith    .   k - +0 robe {rF+}
rPois    .         Spirit   .   b - +0 hat
rElec    .         Reflect  .   p - +0 cloak
rCorr    .         Harm     +   (no gloves)
MR       .....                  (no boots)
Stlth    ++........             i - amulet of harm
HPRegen  0.13/turn              q - ring of positive energy
MPRegen  0.12/turn              (no ring)

@: no status effects
A: antennae 1, powered by pain 1, spiny 1, sanguine armour 1
a: no special abilities


You were on level 4 of the Dungeon.
You were not hungry.

You visited 1 branch of the dungeon, and saw 4 of its levels.

You collected 126 gold pieces.

Inventory:

Hand Weapons
 u - a +2 dagger of speed
 y - a +1 falchion of slicing (weapon)
Armour
 b - a +0 hat (worn)
 k - a +0 robe of fire resistance (worn)
 p - a +0 cloak (worn)
Jewellery
 i - an amulet of harm (around neck)
 q - a ring of positive energy (left hand)
Scrolls
 a - a scroll of fog {unknown}
 f - 2 scrolls of teleportation {unknown}
 h - 2 scrolls of identify {unknown}
 l - 2 scrolls of magic mapping {unknown}
 m - a scroll of enchant armour {unknown}
 r - a scroll of remove curse {unknown}
 s - a scroll of blinking {unknown}
 x - a scroll of noise {unknown}
Potions
 c - a potion of flight {unknown}
 e - 2 potions of berserk rage {unknown}
 g - a potion of resistance {unknown}
 n - 2 potions of degeneration {unknown}
 o - a potion of brilliance {unknown}
 t - a potion of heal wounds {unknown}
Comestibles
 d - 4 bread rations
 j - 3 meat rations
 v - 2 fruits
 w - a royal jelly
 z - a chunk of flesh


   Skills:
 - Level 1.7 Dodging
 - Level 1.7 Stealth
 - Level 3.0 Spellcasting
 + Level 5.3 Conjurations
   Level 1.0 Summonings
 - Level 1.0 Translocations
 - Level 2.0 Air Magic
 - Level 1.0 Poison Magic


You had 2 spell levels left.
You knew the following spells:

 Your Spells              Type           Power        Failure   Level  Hunger
a - Magic Dart            Conj           ####         1%          1    None
b - Blink                 Tloc           N/A          13%         2    ##.....
c - Mephitic Cloud        Conj/Pois/Air  ##......     13%         3    ###....
d - Conjure Flame         Conj/Fire      ##......     13%         3    ###....


Dungeon Overview and Level Annotations

Branches:
Dungeon (4/15)
 Temple: D:4-7

Altars:


Innate Abilities, Weirdness & Mutations

You have a pair of small antennae on your head.
You sometimes gain a little power by taking damage.
You are partially covered in sharp spines.
When seriously injured, your bleeding wounds create armour. (AC +0)


Message History

Casting: Magic Dart
Confirm with . or Enter, or press ? or * to list all spells.
Aiming: Magic Dart
Press: ? - help, Shift-Dir - straight line, f/p - iguana
Aim: an iguana (severely wounded)
The magic dart hits the iguana.
The iguana is almost dead.
Casting: Magic Dart
Confirm with . or Enter, or press ? or * to list all spells.
Aiming: Magic Dart
Press: ? - help, Shift-Dir - straight line, f/p - iguana
Aim: an iguana (almost dead)
The magic dart hits the iguana.
You kill the iguana!
You have reached level 6!
Your experience leads to an increase in your attributes!
Increase (S)trength, (I)ntelligence, or (D)exterity?
You feel clever.
Your demonic ancestry asserts itself...
You feel your blood ready itself to protect you.
Are you sure you want to abandon this character and quit the game? (Confirm with "yes".)

....# ....# #....#
... ....#
#....##+#.(.
....##
#...........
.....#
#....(......
.....#
#...........
.....#
#...........
.....#
#......Z....
.....##### #...@#
#+#......# #....#
..#......# #....#
..#......# #....#
..#......# ##....#
..##....####.....#
...#....#..#.....#
...#....#..#.....#
...#....#..#..(..#


You could see an adder skeleton.

Vanquished Creatures
  A bullfrog (D:4)
  A scorpion (D:4)
  An orc wizard (D:1)
  An iguana (D:4)
  Jessica (D:2)
  2 adders (D:2)
  2 dart slugs
  A leopard gecko (D:2)
  5 orcs
  4 bats
  4 giant cockroaches
  6 goblins
  5 hobgoblins
  5 jackals (D:3)
  8 kobolds
  A quokka (D:2)
  2 ball pythons (D:1)
  2 frilled lizards
  3 rats
55 creatures vanquished.

Notes
Turn   | Place    | Note
-------+----------+-------------------------------------------
     0 | D:1      | Kaname the Demonspawn Wizard began the quest for the Orb.
     0 | D:1      | Reached XP level 1. HP: 13/13 MP: 4/4
   211 | D:1      | Reached skill level 2 in Conjurations
   224 | D:1      | Gained mutation: You have a pair of small antennae on your head. [demonic ancestry]
   224 | D:1      | Reached XP level 2. HP: 19/19 MP: 0/6
  1565 | D:2      | Reached skill level 3 in Conjurations
  1565 | D:2      | Gained mutation: You sometimes gain a little power by taking damage. [demonic ancestry]
  1565 | D:2      | Reached XP level 3. HP: 24/24 MP: 3/7
  1586 | D:2      | Learned a level 2 spell: Blink
  1637 | D:2      | Reached skill level 1 in Translocations
  1642 | D:2      | Learned a level 3 spell: Mephitic Cloud
  1995 | D:1      | Reached skill level 1 in Air Magic
  1995 | D:1      | Gained mutation: You are partially covered in sharp spines. [demonic ancestry]
  1995 | D:1      | Reached XP level 4. HP: 2/30 MP: 2/8
  2273 | D:2      | Noticed Jessica
  2277 | D:2      | Killed Jessica
  2460 | D:3      | Reached skill level 1 in Poison Magic
  2465 | D:3      | Learned a level 3 spell: Conjure Flame
  2946 | D:3      | Reached XP level 5. HP: 35/35 MP: 9/9
  3197 | D:4      | Reached skill level 4 in Conjurations
  3298 | D:4      | Reached skill level 5 in Conjurations
  3335 | D:4      | Gained mutation: When seriously injured, your bleeding wounds create armour. (AC +0) [demonic ancestry]
  3335 | D:4      | Reached XP level 6. HP: 41/41 MP: 4/10
  3336 | D:4      | Quit the game

Vault maps used:
D:1:      shiori_arrival_elements
D:2:      uniq_jessica
D:4:      first_bread, uniq_blork_the_orc

Skill      XL: |  1  2  3  4  5 |
---------------+----------------+-----
Conjurations   | 2 3 5 |  5.3
Translocations | 1 |  1.0
Air Magic      | 1 2 |  2.0
Poison Magic   | 1 |  1.0
Dodging        | |  1.7
Stealth        | |  1.7
Spellcasting   | |  3.0
Summonings     | |  1.0

Action                   |  1- 3 |  4- 6 || total
-------------------------+-------+-------++-------
Melee: Unarmed           |    10 |     4 ||    14
       Dagger            |       |    35 ||    35
       Falchion          |       |     3 ||     3
 Cast: Magic Dart        |    51 |    52 ||   103
       Blink             |     1 |       ||     1
       Mephitic Cloud    |       |     1 ||     1
  Use: Potion            |     1 |       ||     1
 Stab: Sleeping          |       |     1 ||     1
  Eat: Chunk             |     3 |     4 ||     7
Armor: Robe              |     1 |     4 ||     5
Dodge: Dodged            |    21 |    28 ||    49
       Rpst.: Falchion   |       |     1 ||     1

Table legend:
 A = Spawn XP
 B = Non-spawn XP
 C = Spawn XP percentage of total XP
 D = Spawn monster count
 E = Non-spawn monster count
 F = Spawn count percentage of total count
 G = Total turns spent on level
                    A         B        C        D         E        F      G
               +---------+---------+-------+---------+---------+-------+---------
         Total |       0 |     396 |   0.0 |       0 |      55 |   0.0 |  3336
               +---------+---------+-------+---------+---------+-------+---------
           D:1 |       0 |      69 |   0.0 |       0 |      16 |   0.0 |  1896
           D:2 |       0 |      89 |   0.0 |       0 |      14 |   0.0 |   520
           D:3 |       0 |      42 |   0.0 |       0 |      22 |   0.0 |   756
           D:4 |       0 |     196 |   0.0 |       0 |       3 |   0.0 |   164
               +---------+---------+-------+---------+---------+-------+---------
